 Dungeon Crawl Stone Soup version 0.22.1-1-ga44c0e5 (webtiles) character file.

4419 Monsterracer the Arsonist (level 10, -20/67 HPs)
             Began as an Octopode Fire Elementalist on Sept 25, 2018.
             Killed from afar by Erica (23 damage)
             ... with an orb of energy
             ... on level 9 of the Dungeon.
             The game lasted 00:17:44 (11178 turns).

Monsterracer the Arsonist (OpFE)                   Turns: 11178, Time: 00:17:45

Health: -20/67     AC:  5    Str:  8    XL:     10   Next: 36%
Magic:  15/19      EV: 13    Int: 21    God:    Xom [..*...]
Gold:   537        SH:  0    Dex: 10    Spells: 4/21 levels left

rFire    . . .     SeeInvis .   a - +1 long sword (slice)
rCold    . . .     Gourm    .   (no shield)
rNeg     . . .     Faith    +   (helmet restricted)
rPois    .         Spirit   .   u - amulet of faith
rElec    .         Reflect  .   x - ring of stealth
rCorr    .         Harm     .   (no ring)
MR       .....                  (no ring)
Stlth    ++++......             (no ring)
HPRegen  0.21/turn              (no ring)
MPRegen  0.16/turn              (no ring)
                                (no ring)
                                (no ring)

@: lethally poisoned (-20 -> -26)
A: almost no armour, stealthy swim, amphibious, 8 rings, constrict 8, tentacle
spike 1, icy blue scales 1, iridescent scales 1, camouflage 1, blurry vision 1,
clumsy 1, robust 1, gelatinous body 1
a: Renounce Religion


You were on level 9 of the Dungeon.
You worshipped Xom.
You were a toy of Xom.
You were hungry.

You visited 1 branch of the dungeon, and saw 9 of its levels.

You collected 573 gold pieces.
You spent 36 gold pieces at shops.

Inventory:

Hand Weapons
 a - a +1 long sword of slicing (weapon)
Missiles
 t - a throwing net (quivered)
Armour
 s - a +0 shield
Jewellery
 u - an amulet of faith (around mantle)
 x - a ring of stealth (left tentacle)
 y - an uncursed amulet of rage
 B - an uncursed ring of ice {unknown}
Wands
 b - a wand of paralysis (6)
 o - a wand of flame (20)
 r - a wand of digging (12)
Scrolls
 e - 3 scrolls of remove curse
 g - 4 scrolls of enchant weapon
 h - a scroll of blinking
 l - 4 scrolls of teleportation {!r}
 z - a scroll of silence {unknown}
Potions
 d - 3 potions of haste
 f - a potion of ambrosia {unknown}
 i - a potion of heal wounds
 j - 2 potions of cancellation
 k - a potion of might
 m - 5 potions of curing
 n - a potion of magic
 p - a potion of lignification
 q - 2 potions of flight {unknown}
 v - a potion of degeneration {unknown}
 w - a potion of brilliance {unknown}
Comestibles
 c - 19 rations


   Skills:
 + Level 2.5 Fighting
 - Level 2.0 Dodging
 - Level 2.6 Stealth
 + Level 3.7 Shields
 + Level 6.0 Spellcasting
 * Level 9.0 Conjurations
 * Level 9.3 Fire Magic


You had 4 spell levels left.
You knew the following spells:

 Your Spells              Type           Power        Failure   Level  Hunger
a - Flame Tongue          Conj/Fire      #####        1%          1    None
b - Conjure Flame         Conj/Fire      #####...     1%          3    ##.....
c - Sticky Flame          Conj/Fire      #####...     2%          4    ####...
d - Fireball              Conj/Fire      #####.....   6%          5    #####..
f - Stone Arrow           Conj/Erth      ####..       4%          3    ##.....
z - Apportation           Tloc           #.....       10%         1    None

Your spell library contained the following spells:

 Spells                   Type           Power        Failure   Level  Hunger
 Throw Flame              Conj/Fire      #####.       1%          2    None
 Inner Flame              Hex/Fire       ####....     4%          3    ##.....
 Animate Skeleton         Necr           N/A          10%         1    None
 Confusing Touch          Hex            #.....       10%         1    None
 Infusion                 Chrm           #...         10%         1    None
 Summon Small Mammal      Summ           #...         10%         1    None
 Petrify                  Tmut/Erth      #.......     67%         4    ####...
 Iskenderun's Battlesphe  Conj/Chrm      ####....     38%         5    #####..
 Deflect Missiles         Chrm/Air       #.........   100%        6    #######


Dungeon Overview and Level Annotations

Branches:
Dungeon (9/15)             Temple (0/1) D:5
   Lair: D:8-11         Orc: D:9-12

Altars:
Ashenzari
Dithmenos
Kikubaaqudgha
Nemelex Xobeh
Wu Jian
Xom
The Shining One

Shops:
D:8 *

Annotations:
D:3 MordorOrchid's ghost, weakling DEVM
D:4 3 runed doors, HedoNNN's ghost, novice MiBe
D:9 Erica


Innate Abilities, Weirdness & Mutations

You cannot wear most types of armour.
You are very stealthy in the water. (Stealth+)
You are amphibious.
You can wear up to eight rings at the same time.
You can use your tentacles to constrict eight enemies at once.
Your skin changes colour to match your surroundings (Stealth+).
Your rubbery body absorbs attacks. (AC +1, EV +1)
One of your tentacles bears a spike.
You are partially covered in icy blue scales. (AC +2)
You are partially covered in iridescent scales. (AC +2)
Scrolls take you a little longer to read.
You are clumsy. (Dex -2)
You are robust. (+10% HP)


Message History

Press: ? - help, Shift-Dir - straight line, f - worker ant zombie
Aim: a worker ant zombie The flame tongue hits the worker ant zombie.
The worker ant zombie is lightly damaged.
You now have 15/19 mp.
Casting: Flame Tongue (safe; 1% risk of failure)
Confirm with . or Enter, or press ? or * to list all spells.
Aiming: Flame Tongue (safe; 1% risk of failure)
Press: ? - help, Shift-Dir - straight line, f/p - worker ant zombie
Aim: a worker ant zombie (flame, lightly damaged)
The flame tongue hits the worker ant zombie.
The worker ant zombie is severely damaged.
The worker ant zombie is engulfed in blazing flames.
You destroy the worker ant zombie!
Your Conjurations skill increases to level 9!
Health restored: 67
Casting: Flame Tongue (safe; 1% risk of failure)
Confirm with . or Enter, or press ? or * to list all spells.
You can't see any susceptible monsters within range! (Use Z to cast anyway.) Unknown command.
Unknown command.
You closely miss the crimson imp. Your grab misses the crimson imp.
You pierce the crimson imp.
You squeeze the crimson imp.
The crimson imp is heavily wounded.
The crimson imp disappears for a moment.
The crimson imp misses you.
You riposte.
You closely miss the crimson imp. Your grab misses the crimson imp.
The crimson imp is heavily wounded.
You hit the crimson imp but do no damage.
Your grab misses the crimson imp.
The crimson imp is heavily wounded.
The crimson imp blinks!
The crimson imp completely misses you.
You riposte.
You barely miss the crimson imp. You grab the crimson imp.
The crimson imp is moderately wounded.
You barely miss the crimson imp.
The crimson imp is moderately wounded.
You constrict the crimson imp.
The crimson imp blinks free!
Erica the Fiery-Tempered comes into view.
She is wielding a scimitar of Erica casts a spell at you.
You resist with significant effort.
Erica casts a spell.
Erica flickers and vanishes!
Deactivating autopickup; reactivate with Ctrl-A.
Xom's power flows through you!
The crimson imp is unaffected.
An orb of energy appears from out of thin air!
The orb of energy misses you.
Casting: Flame Tongue (safe; 1% risk of failure)
Confirm with . or Enter, or press ? or * to list all spells.
Aiming: Conjure Flame (safe; 1% risk of failure)
Press: ? - help, Dir - move target cursor The fire ignites!
You now have 13/19 mp.
The crimson imp blinks!
You hear some strange, mumbled words.
Something tries to affect you, but you resist.
You hear Xom's avuncular chuckle.
The crimson imp suddenly seems more agile.
You miss the crimson imp. Your grab misses the crimson imp.
Your tentacle spike misses the crimson imp.
The crimson imp blinks!
Casting: Conjure Flame (safe; 1% risk of failure)
Confirm with . or Enter, or press ? or * to list all spells.
Okay, then.
You closely miss the crimson imp. Your grab misses the crimson imp.
Your tentacle spike misses the crimson imp.
The crimson imp blinks!
You hear some strange, mumbled words.
A bolt of poison appears from out of thin air!
The bolt of poison hits you!
You are poisoned.
A shower of butterflies erupts from you!
The bolt of poison hits your butterfly.
Your butterfly is poisoned.
Your butterfly dies!
The bolt of poison hits your butterfly.
Your butterfly dies!
You take 27 damage, and have 40/67 hp.
MASSIVE DAMAGE!!
Adjust (i)tems, (s)pells, or (a)bilities?
Adjust which spell? e - Stone Arrow Adjust to which letter? f - Stone Arrow You feel sick.
You hear some strange, mumbled words.
An orb of energy appears from out of thin air!
The orb of energy hits you!
Ouch! That really hurt!
* * * LOW HITPOINT WARNING * * *
The orb of energy explodes!
The mystic blast hits your butterfly.
Your butterfly dies!
You take 36 damage, and have 4/67 hp.
MASSIVE DAMAGE!!
* * * LOW HITPOINT WARNING * * *
You feel sick.
The crimson imp closely misses your butterfly.
You hear some strange, mumbled words.
An orb of energy appears from out of thin air!
The orb of energy hits you!
You die...
Xom giggles madly!

#.### #......#.....<.. ###.#
##.#............ ##...#
#.........>.....
###..#######.#.............
#....# #..........####....
#....# ##.#...#..### ....
#....###....###(b#### .. .
#...........##..b<..# .....
#######........#@##.###.....(
#....####......ยง.b5.......
###.#### ########..........
##..># #.###...... #..###
#....#... #### ####.......
####... .


You could see a crimson imp.

Vanquished Creatures
  A hippogriff (D:9)
  6 yaks (D:7)
  A porcupine (D:8)
  A sky beast (D:5)
  3 ogres
  2 centaurs
  2 bullfrogs
  3 scorpions
  5 killer bees
  A crimson imp (D:5)
  3 hounds
  A quasit (D:6)
  3 jellies
  2 centaur zombies (D:5)
  A hound (shapeshifter) (D:7)
  7 orc wizards
  2 bullfrog skeletons
  3 orc priests
  Ijyb (D:4)
  An iguana (D:2)
  6 worker ants
  A killer bee zombie (D:9)
  2 worker ant zombies
  4 gnolls (D:4)
  11 adders
  3 shadow imps
  An adder skeleton (D:6)
  5 worms
  2 dart slugs
  4 leopard geckos
  24 orcs
  4 ball pythons
  6 giant cockroaches
  7 hobgoblins
  2 jackals (D:4)
  2 quokkas
  5 bats
  7 frilled lizards
  6 goblins
  7 kobolds
  A quokka zombie (D:5)
  5 rats
164 creatures vanquished.

Vanquished Creatures (collateral kills)
  A rime drake (D:6)
  A centaur skeleton (D:9)
  3 yaks (D:6)
  An ogre (D:9)
  A worker ant (D:6)
7 creatures vanquished.

Vanquished Creatures (others)
  A two-headed ogre (D:8)
  A quasit (D:6)
2 creatures vanquished.

Grand Total: 173 creatures vanquished

Notes
Turn   | Place    | Note
-------+----------+-------------------------------------------
     0 | D:1      | Monsterracer the Octopode Fire Elementalist began the quest
                  | for the Orb.
     0 | D:1      | Reached XP level 1. HP: 11/11 MP: 3/3
   349 | D:1      | Reached XP level 2. HP: 17/17 MP: 1/5
   631 | D:1      | Found a shimmering altar of Xom.
   956 | D:1      | Became a worshipper of Xom of Chaos
  1136 | D:2      | XOM: potion effect (brilliance)
  1334 | D:2      | XOM: divination: detect creatures
  1343 | D:2      | Reached XP level 3. HP: 21/21 MP: 4/6
  1349 | D:2      | Learned a level 3 spell: Conjure Flame
  1527 | D:2      | XOM: harmless Air miscast
  1563 | D:2      | XOM: potion effect (might)
  1574 | D:2      | HP: 8/21 [iguana (3)]
  1575 | D:2      | Reached XP level 4. HP: 11/27 MP: 0/7
  1990 | D:2      | XOM: harmless Tloc miscast
  2061 | D:2      | HP: 13/27 [worm (5)]
  2270 | D:2      | XOM: harmless Erth miscast
  2505 | D:3      | XOM: divination: detect creatures
  2508 | D:3      | XOM: harmless Ice miscast
  2526 | D:3      | XOM: divination: detect items
  2573 | D:3      | XOM is BORED!
  2573 | D:3      | XOM: medium Hex miscast
  2579 | D:2      | XOM: mild Fire miscast
  2674 | D:3      | Reached XP level 5. HP: 28/31 MP: 3/9
  2680 | D:3      | Learned a level 4 spell: Sticky Flame
  2682 | D:3      | XOM: harmless Summ miscast
  2781 | D:3      | XOM: silly message
  3226 | D:3      | XOM: harmless Air miscast
  3332 | D:3      | XOM: harmless Ice miscast
  3358 | D:3      | Found a runed door.
  3365 | D:3      | Noticed an ogre
  3375 | D:3      | Killed an ogre
  3375 | D:3      | Reached XP level 6. HP: 23/36 MP: 2/10
  3543 | D:3      | XOM: harmless Air miscast
  3794 | D:3      | XOM: silly message
  3799 | D:3      | Noticed MordorOrchid's ghost (weakling DEVM)
  3812 | D:3      | XOM: confusion
  3814 | D:3      | XOM: blink monster(s)
  3819 | D:3      | HP: 18/36 [adder (2)]
  3821 | D:3      | XOM: god gift: scroll labeled HUOFFI YRGHE {god gift}
  3825 | D:3      | HP: 9/36 [poisoned by MordorOrchid's ghost (sting)]
  3833 | D:3      | HP: 8/36 [poisoned by MordorOrchid's ghost (sting)]
  4096 | D:4      | Reached skill level 5 in Fire Magic
  4130 | D:4      | HP: 16/36 [xom (14)]
  4130 | D:4      | XOM: torment (16/36 hp)
  4401 | D:4      | Noticed Ijyb
  4406 | D:4      | Paralysed by Ijyb for 6 turns
  4413 | D:4      | Killed Ijyb
  4558 | D:4      | XOM: give mutation
  4558 | D:4      | Gained mutation: Scrolls take you a little longer to read.
                  | [Xom's mischief]
  4613 | D:4      | XOM: noise
  4990 | D:4      | Found a runed gate.
  4990 | D:4      | Found a runed gate.
  4991 | D:4      | Found a runed gate.
  5075 | D:4      | XOM: summons 3 hostile demons
  5188 | D:4      | XOM: give mutations
  5188 | D:4      | Gained mutation: You expend magic power (3 MP) to
                  | strengthen your wands. [Xom's grace]
  5188 | D:4      | Gained mutation: One of your tentacles bears a spike.
                  | [Xom's grace]
  5358 | D:4      | Noticed HedoNNN's ghost (novice MiBe)
  5397 | D:4      | XOM: divination: detect creatures
  5406 | D:5      | Entered Level 5 of the Dungeon
  5474 | D:5      | Reached XP level 7. HP: 41/41 MP: 7/12
  5522 | D:5      | XOM: cleaving
  5677 | D:5      | Found a glowing golden altar of the Shining One.
  5762 | D:5      | XOM: 4-stop teleportation journey
  5850 | D:5      | Found a sparkling altar of Nemelex Xobeh.
  6070 | D:5      | Reached skill level 5 in Conjurations
  6123 | D:5      | XOM is BORED!
  6123 | D:5      | XOM: medium Hex miscast
  6218 | D:5      | XOM: give mutations
  6218 | D:5      | Gained mutation: You are partially covered in thin metallic
                  | scales. (AC +2) [Xom's grace]
  6218 | D:5      | Gained mutation: You are partially covered in iridescent
                  | scales. (AC +2) [Xom's grace]
  6218 | D:5      | Gained mutation: You are robust. (+10% HP) [Xom's grace]
  6347 | D:5      | Found a staircase to the Ecumenical Temple.
  6401 | D:6      | XOM: 5-stop teleportation journey
  6638 | D:6      | XOM: enchant monster (good)
  6639 | D:6      | XOM: divine lightning
  6654 | D:6      | XOM: cleaving
  6657 | D:6      | Reached XP level 8. HP: 47/50 MP: 3/14
  6823 | D:6      | Learned a level 5 spell: Fireball
  6916 | D:6      | Found an ancient bone altar of Kikubaaqudgha.
  6971 | D:6      | Noticed a yak
  6973 | D:6      | Noticed a rime drake
  6973 | D:6      | a yak changed into a rime drake
  6973 | D:6      | XOM: polymorph yak -> rime drake
  6990 | D:6      | Noticed a yak
  6997 | D:6      | XOM: summons friendly sixfirhy
  7002 | D:6      | Noticed a yak
  7004 | D:6      | Killed a rime drake
  7004 | D:6      | Noticed a yak
  7008 | D:6      | Killed a yak
  7015 | D:6      | Killed a yak
  7019 | D:6      | Killed a yak
  7045 | D:6      | XOM: polymorph sixfirhy -> smoke demon
  7078 | D:6      | Found a shadowy altar of Dithmenos.
  7455 | D:6      | Learned a level 1 spell: Apportation
  7901 | D:7      | Reached XP level 9. HP: 48/56 MP: 8/16
  8038 | D:7      | Reached skill level 1 in Shields
  8039 | D:7      | Reached skill level 5 in Spellcasting
  8050 | D:7      | HP: 28/56 [yak (5)]
  8051 | D:7      | XOM: summons 8 friendly demons
  8138 | D:7      | XOM is BORED!
  8138 | D:7      | XOM: give mutations
  8138 | D:7      | Lost mutation: You expend magic power (3 MP) to strengthen
                  | your wands. [Xom's mischief]
  8138 | D:7      | Lost mutation: You are partially covered in thin metallic
                  | scales. (AC +2) [Xom's mischief]
  8138 | D:7      | Gained mutation: You are clumsy. (Dex -2) [Xom's mischief]
  8213 | D:7      | XOM: polymorph orc wizard -> hound
  8365 | D:7      | XOM: give mutation
  8365 | D:7      | Gained mutation: You are partially covered in icy blue
                  | scales. (AC +2) [Xom's grace]
  8608 | D:7      | XOM: divination: detect creatures
  8819 | D:7      | XOM: cloud trail
  8955 | D:8      | XOM: polymorph orc warrior -> porcupine
  9055 | D:8      | Reached skill level 1 in Fighting
  9066 | D:8      | XOM: cast spell 'Call Canine Familiar'
  9227 | D:8      | XOM: medium Ice miscast
  9430 | D:8      | Found Saim's General Store.
  9443 | D:8      | Bought a scroll of teleportation for 36 gold pieces
  9699 | D:8      | XOM: divination: magic mapping
  9779 | D:8      | Found an ornate altar of the Wu Jian Council.
  9802 | D:8      | XOM: cloud trail
  9831 | D:8      | Reached XP level 10. HP: 42/64 MP: 11/18
  9845 | D:8      | Identified Xom's Grimoire of Paper (Xom gifted it to you on
                  | level 8 of the Dungeon)
  9845 | D:8      | XOM: god gift: Xom's Grimoire of Paper
  9969 | D:8      | Learned a level 3 spell: Stone Arrow
 10056 | D:8      | Noticed a two-headed ogre
 10066 | D:8      | Killed a two-headed ogre
 10066 | D:8      | XOM: divine lightning
 10079 | D:8      | XOM: cloud trail
 10294 | D:8      | XOM: cloud trail
 10536 | D:9      | XOM: cast spell 'Summon Dragon'
 10641 | D:9      | Found a shattered altar of Ashenzari.
 10742 | D:9      | XOM: polymorph fire dragon -> four-headed hydra
 10842 | D:9      | XOM: divination: detect creatures
 11006 | D:9      | XOM: cloud trail
 11166 | D:9      | Noticed Erica
 11168 | D:9      | XOM: cast spell 'Cause Fear'
 11173 | D:9      | XOM: enchant monster (bad)
 11176 | D:9      | XOM: butterfly on damage
 11177 | D:9      | HP: 4/67 [something/orb of energy (34)]
 11178 | D:9      | Killed from afar by Erica

Skill      XL: |  1  2  3  4  5  6  7  8  9 10 |
---------------+-------------------------------+-----
Conjurations   | 2 3 4 5 7 8 9 |  9.0
Fire Magic     | 4 5 6 7 8 9 |  9.3
Spellcasting   | 3 4 5 6 |  6.0
Shields        | 3 |  3.7
Fighting       | 1 2 |  2.5
Dodging        | |  2.0
Stealth        | |  2.6

Action                   |  1- 3 |  4- 6 |  7- 9 | 10-12 || total
-------------------------+-------+-------+-------+-------++-------
Melee: Unarmed           |     1 |       |       |       ||     1
       Short sword       |     3 |       |       |       ||     3
       Constrict         |     1 |     6 |     6 |     2 ||    15
       Long sword        |       |     6 |    22 |    10 ||    38
       Tentacles         |       |     3 |     6 |     2 ||    11
       Kick              |       |       |    10 |     3 ||    13
 Cast: Flame Tongue      |    42 |   113 |   184 |    41 ||   380
       Sticky Flame      |       |     3 |     9 |     1 ||    13
       Conjure Flame     |       |     2 |     5 |     4 ||    11
       Fireball          |       |       |     2 |       ||     2
  Use: Scroll            |       |    11 |     5 |       ||    16
 Stab: Petrified         |       |       |     5 |       ||     5
       Sleeping          |       |       |       |     1 ||     1
  Eat: Chunk             |     2 |     7 |     4 |     1 ||    14
       Ration            |       |     2 |     3 |     1 ||     6
Armor: Skin              |     2 |     6 |    23 |     4 ||    35
Dodge: Dodged            |    11 |    49 |    70 |    22 ||   152
       Rpst.: Long sword |       |    10 |    15 |     6 ||    31

Vault maps used:
D:1:      scummos_arrival_hexagon, xom_teletrap_fun
D:2:      serial_forest, infiniplex_forest_lined_2, infiniplex_forest_zigzag_1,
          infiniplex_forest_clump_medium, infiniplex_forest_clump_medium,
          infiniplex_forest_lined_2, infiniplex_forest_lined_2,
          infiniplex_forest_lined_room_, infiniplex_forest_straight_2
D:3:      first_ration, ebering_ghost_sewer_d
D:4:      gammafunk_ghost_necromancy, uniq_ijyb
D:5:      lemuel_doored_altar, nicolae_tso_carved_into_rock,
          minmay_temple_entry_nine_rooms
D:6:      old_standard_altar, nicolae_overflow_crystal_walls, minivault_5
D:7:      grunt_ogre_cave, minmay_misc_feat_alley
D:8:      marbit_many_paths, serial_shops, nicolae_shop_statue_plus,
          minmay_misc_feat_cross, kennysheep_windowed_goal
D:9:      nicolae_ashenzari_panopticon, uniq_erolcha, uniq_erica
